 Dungeon Crawl Stone Soup version 0.17-a0-1481-gfdcec5c (webtiles) character file.

14805 Infinimo the Severer (level 12, -2/112 HPs)
             Began as a Hill Orc Berserker on July 4, 2015.
             Was a High Priest of Trog.
             Slain by a skeletal warrior
             ... wielding a cursed +0 war axe
              (15 damage)
             ... on level 12 of the Dungeon.
             The game lasted 00:27:16 (16344 turns).

Infinimo the Severer (Hill Orc Berserker)          Turns: 16344, Time: 00:27:16

Health: -2/112     AC: 17    Str: 24    XL:     12   Next: 20%
Magic:  1/4        EV:  8    Int:  8    God:    Trog [*****.]
Gold:   507        SH:  0    Dex: 10    Spells: 0 memorised, 11 levels left

rFire  . . .     SeeInvis .     N - +0 executioner's axe (antimagic)
rCold  . . .     Clarity  .     p - +1 plate armour
rNeg   . . .     SustAt   .     (no shield)
rPois  .         Gourm    .     (no helmet)
rElec  .         Spirit   .     f - +0 cloak
rCorr  .         Warding  .     (no gloves)
rMut   +         Stasis   .     (no boots)
MR     .....                    o - amulet of resist mutation
Stlth  ..........               (no ring)
                                n - ring of flight

@: about to teleport, not resistant to hostile enchantments, extremely
unstealthy
A: no striking features
a: Burn Spellbooks, Berserk, Trog's Hand, Brothers in Arms, Renounce Religion,
Evoke Flight


You were on level 12 of the Dungeon.
You worshipped Trog.
Trog was extremely pleased with you.
You were not hungry.

You visited 1 branch of the dungeon, and saw 12 of its levels.

You collected 665 gold pieces.
You spent 158 gold pieces at shops.

Inventory:

Hand weapons
 N - a +0 antimagic executioner's axe (weapon)
Missiles
 z - 3 javelins of penetration (quivered)
Armour
 f - a +0 cloak (worn)
 p - a +1 plate armour (worn)
Jewellery
 a - an uncursed amulet of the gourmand
 n - a ring of flight (left hand)
 o - an amulet of resist mutation (around neck)
 M - a cursed -2 ring of evasion
Magical devices
 m - a wand of enslavement (12)
 y - a wand of lightning (15)
 E - a wand of polymorph (9)
 H - a wand of frost (18)
 K - a wand of flame (19)
Scrolls
 b - 6 scrolls of remove curse
 e - a scroll of fear
 l - 2 scrolls of recharging
 t - 3 scrolls of magic mapping
 v - 3 scrolls of enchant weapon
 C - 4 scrolls of teleportation
 D - 3 scrolls of enchant armour
Potions
 d - 4 potions of curing
 g - a potion of lignification
 h - 2 potions of haste
 q - a potion of agility
 r - 2 potions of invisibility
 s - 2 potions of poison
 w - 2 potions of might
 x - a potion of berserk rage
 B - 2 potions of heal wounds
 G - a potion of flight
 J - a potion of ambrosia {unknown}
Books
 A - a book of Frost

   Spells                             Type                      Level
   a - Freeze                         Ice                          1
   b - Throw Frost                    Conjuration/Ice              2
   c - Ozocubu's Armour               Charms/Ice                   3
   d - Throw Icicle                   Conjuration/Ice              4
   e - Summon Ice Beast               Ice/Summoning                4
   f - Condensation Shield            Ice                          4
   Trog disapproves of the use of such an item.
 I - a book of Summonings

   Spells                             Type                      Level
   a - Recall                         Summoning/Translocation      3
   b - Aura of Abjuration             Summoning                    5
   c - Shadow Creatures               Summoning                    5
   d - Summon Demon                   Summoning                    5
   e - Summon Forest                  Summoning/Translocation      5
   f - Summon Mana Viper              Hexes/Summoning              5
   Trog disapproves of the use of such an item.
 O - a book of Conjurations

   Spells                             Type                      Level
   a - Magic Dart                     Conjuration                  1
   b - Searing Ray                    Conjuration                  2
   c - Dazzling Spray                 Conjuration/Hexes            3
   d - Fulminant Prism                Conjuration/Hexes            4
   e - Iskenderun's Mystic Blast      Conjuration                  4
   f - Iskenderun's Battlesphere      Conjuration/Charms           5
   Trog disapproves of the use of such an item.
Comestibles
 c - 3 bread rations
 i - 7 meat rations
 j - 33 fruits
 k - a slice of pizza
 u - 2 royal jellies


   Skills:
 + Level 11.9 Fighting
 * Level 17.1 Axes
 + Level 10.9 Armour
 - Level 1.5 Dodging


You had 11 spell levels left.
You didn't know any spells.

Dungeon Overview and Level Annotations

Branches:
Dungeon (12/15)            Temple (0/1) D:4            Lair (0/8) D:9
    Orc: D:9-12

Altars:
Ashenzari
Fedhas
Gozag
Kikubaaqudgha
Makhleb
Qazlal
Ru
Trog
Zin
The Shining One

Shops:
D:5 ?   D:8 *


Message History

The skeletal warrior hits you with a war axe.
The eye of draining gazes at you.
The phantom falters for a moment.
The skeletal warrior hits you with a mace of protection.
The eye of draining gazes at you.
You feel your power leaking away.
The skeletal warrior hits you with a war axe!
The skeletal warrior hits you with a war axe!
The skeletal warrior hits you with a war axe!
You are too injured to fight recklessly!
The skeletal warrior hits you with a war axe!
The phantom blinks!
The eye of draining gazes at you.
The skeletal warrior hits you with a war axe!!
* * * LOW HITPOINT WARNING * * *
Read which item? (? for menu, Esc to quit)
As you read the scroll of teleportation, it crumbles to dust.
You feel strangely unstable.
The skeletal warrior hits you with a war axe!
You die...

#...........# ###.....)...##
#.......)....# #
##.####[)[...# #.#########
#.# ##.##### ..........#
#.#####'###
..........###.........#
.........z##...+......######
.........zz@.###......'.....
....W....z#### #......######
..........# ########
###########


You could see 4 skeletal warriors and a phantom.

Vanquished Creatures
  An unseen horror (D:11)
  3 hill giants (D:11)
  Joseph (D:9)
  A komodo dragon (D:9)
  4 trolls
  A trapdoor spider zombie (D:7)
  12 yaks
  A deep elf mage (D:11)
  A trapdoor spider (D:12)
  2 steam dragons (D:5)
  3 hungry ghosts
  A wyvern (D:12)
  4 hippogriffs
  A mottled dragon (D:11)
  5 orc warriors
  2 water moccasins
  6 sky beasts
  An ice beast (D:11)
  3 necrophages
  5 ogres
  An eye of draining (D:12)
  6 centaurs
  4 phantoms
  2 big kobolds
  11 giant frogs
  4 scorpions
  A wyvern skeleton (D:9)
  4 killer bees (D:12)
  10 wights
  4 electric eels
  A giant frog zombie (D:8)
  8 hounds
  4 centaur zombies
  4 crimson imps
  5 jellies
  5 worker ants
  Crazy Yiuf (D:3)
  15 orc priests
  A centaur skeleton (D:9)
  4 giant frog skeletons
  10 orc wizards
  3 iguanas
  2 hound skeletons
  10 adders
  7 gnolls
  A worker ant zombie (D:6)
  2 shadow imps
  An ooze (D:7)
  4 worms
  8 giant geckos
  49 orcs
  A bat skeleton (D:6)
  14 hobgoblins
  18 jackals
  30 kobolds
  3 quokkas
  4 ball pythons
  19 bats
  6 giant cockroaches
  A giant cockroach zombie (D:5)
  2 giant gecko skeletons (D:8)
  8 giant newts
  17 goblins
  A jackal skeleton (D:6)
  2 quokka skeletons (D:4)
  15 rats
  A fungus (D:5)
392 creatures vanquished.

Vanquished Creatures (others)
  A human (D:7)
  A fungus (D:5)
  A plant (D:9)
3 creatures vanquished.

Grand Total: 395 creatures vanquished

Notes
Turn   | Place    | Note
--------------------------------------------------------------
     0 | D:1      | Infinimo the Hill Orc Berserker began the quest for the Orb.
     0 | D:1      | Reached XP level 1. HP: 19/19 MP: 1/1
   362 | D:1      | Reached XP level 2. HP: 27/27 MP: 2/2
   805 | D:1      | Reached XP level 3. HP: 12/33 MP: 3/3
   830 | D:1      | Acquired Trog's second power
  1237 | D:2      | Found a blossoming altar of Fedhas.
  1253 | D:2      | Reached skill level 5 in Axes
  1536 | D:2      | Found an opulent altar of Gozag.
  1643 | D:2      | Found a shattered altar of Ashenzari.
  1647 | D:2      | Reached XP level 4. HP: 36/40 MP: 4/4
  3329 | D:3      | Reached XP level 5. HP: 47/47 MP: 5/5
  3332 | D:3      | Reached skill level 6 in Axes
  3668 | D:3      | Noticed Crazy Yiuf
  3681 | D:3      | Killed Crazy Yiuf
  3848 | D:3      | Reached XP level 6. HP: 55/55 MP: 6/6
  3849 | D:3      | Found a glowing golden altar of the Shining One.
  4697 | D:4      | Acquired Trog's third power
  4818 | D:4      | Reached skill level 5 in Fighting
  4818 | D:4      | Reached skill level 7 in Axes
  4961 | D:4      | Found a staircase to the Ecumenical Temple.
  5075 | D:5      | Entered Level 5 of the Dungeon
  5421 | D:5      | Reached skill level 8 in Axes
  5421 | D:5      | Reached XP level 7. HP: 52/61 MP: 7/7
  5886 | D:5      | Reached skill level 5 in Armour
  6043 | D:5      | Reached skill level 9 in Axes
  6248 | D:5      | Noticed a steam dragon
  6250 | D:5      | Noticed a steam dragon
  6258 | D:5      | Killed a steam dragon
  6258 | D:5      | Reached XP level 8. HP: 71/71 MP: 8/8
  6260 | D:5      | Killed a steam dragon
  6314 | D:5      | Found Jyefa's Magic Scroll Shoppe.
  6360 | D:5      | Bought 3 scrolls of identify for 78 gold pieces
  6360 | D:5      | Bought a scroll of identify for 26 gold pieces
  6360 | D:5      | Bought a scroll of identify for 26 gold pieces
  6478 | D:6      | Reached skill level 10 in Axes
  7230 | D:6      | Reached skill level 11 in Axes
  7230 | D:6      | Reached XP level 9. HP: 73/79 MP: 9/9
  7680 | D:7      | Found an ancient bone altar of Kikubaaqudgha.
  8028 | D:7      | Reached skill level 12 in Axes
  9380 | D:8      | Reached XP level 10. HP: 61/90 MP: 10/10
  9383 | D:8      | Reached skill level 13 in Axes
  9558 | D:8      | Found Sittisepp's General Store.
  9789 | D:8      | Bought a scroll of identify for 28 gold pieces
 10622 | D:9      | Found a staircase to the Lair.
 10700 | D:9      | Reached skill level 14 in Axes
 10921 | D:9      | Received a gift from Trog
 11246 | D:9      | Noticed Joseph
 11259 | D:9      | Killed Joseph
 11259 | D:9      | Reached skill level 10 in Fighting
 11523 | D:9      | Found a bloodstained altar of Trog.
 11525 | D:9      | Found a glowing silver altar of Zin.
 11525 | D:9      | Found a sacrificial altar of Ru.
 11606 | D:9      | Reached XP level 11. HP: 100/100 MP: 11/11
 11618 | D:9      | Reached skill level 15 in Axes
 11669 | D:9      | Found a burning altar of Makhleb.
 11862 | D:10     | Entered Level 10 of the Dungeon
 11886 | D:10     | Received a gift from Trog
 13185 | D:11     | Reached skill level 10 in Armour
 13293 | D:11     | Noticed a hill giant
 13295 | D:11     | Noticed a hill giant
 13301 | D:11     | Killed a hill giant
 13307 | D:11     | Killed a hill giant
 13307 | D:11     | Reached skill level 16 in Axes
 13308 | D:11     | Found a stormy altar of Qazlal.
 13692 | D:11     | Killed an unseen horror
 14076 | D:11     | Noticed a hill giant
 14083 | D:11     | Killed a hill giant
 14691 | D:12     | Reached XP level 12. HP: 52/110 MP: 4/12
 14692 | D:12     | Received a gift from Trog
 15672 | D:12     | Reached skill level 17 in Axes
 16321 | D:12     | Noticed a skeletal warrior
 16322 | D:12     | Noticed a skeletal warrior
 16323 | D:12     | Noticed a skeletal warrior
 16324 | D:12     | Noticed a skeletal warrior
 16344 | D:12     | Slain by a skeletal warrior

Vault maps used:
D:1:      lightli_arrival_boilingwater, hangedman_decor_clover_reticule,
          kennysheep_nondescript, dk_noncrumbling_2, minmay_misc_feat_tiny
D:2:      ashenzari_conservatory_becter, nicolae_overflow_crystal_walls,
          grunt_decor_clamped, dk_vineyard_2, fedhas_altar_3
D:3:      tso_metal_star, uniq_crazy_yiuf_cottage
D:4:      minmay_temple_entry_poolview
D:5:      kennysheep_steamy, first_bread, serial_shops, nicolae_shop_crystal
D:7:      wad_lake_hut, tgw_kikubaaqudgha
D:8:      minmay_opposing_rooms, serial_shops, nicolae_shop_waterfront,
          grunt_ministairs_14
D:9:      grunt_temple_overflow_diamond, lemuel_coloured_pillars_altar,
          david_lair_shrubbed, uniq_joseph
D:11:     basic_altar
D:12:     hiddenorc1_lemuel, grunt_pizzeria, uniq_harold

Action                   |  1- 3 |  4- 6 |  7- 9 | 10-12 || total
-------------------------+-------+-------+-------+-------++-------
Melee: Hand axe          |   121 |   335 |   533 |   168 ||  1157
       War axe           |       |       |       |   141 ||   141
       Executioner's axe |       |       |       |   288 ||   288
Throw: Javelin           |       |       |       |     9 ||     9
Invok: Berserk           |       |     3 |     2 |     8 ||    13
       Trog's Hand       |       |       |       |     1 ||     1
  Use: Scroll            |       |     4 |    13 |    11 ||    28
       Potion            |       |       |     1 |       ||     1
 Stab: Sleeping          |     2 |       |       |       ||     2
       Distracted        |       |     2 |       |       ||     2
  Eat: Chunk             |     1 |    17 |    14 |    28 ||    60
       Bread ration      |       |       |       |     1 ||     1
